 Dungeon Crawl Stone Soup version 0.29.1-1-gd02db6906a (webtiles) character file.

Game seed: 8930295538084059182

67 raincastle the Trooper (level 3, -9/29 HPs)
             Began as a Demonspawn Abyssal Knight on Sept 18, 2022.
             Was a Priest of Lugonu.
             Killed by divine providence
             ... invoked by an orc priest
              (12 damage)
             ... on level 3 of the Dungeon.
             The game lasted 00:14:40 (4754 turns).

raincastle the Trooper (Demonspawn Abyssal Knight)  Turns: 4754, Time: 00:14:41

Health: -9/29      AC:  9    Str: 15    XL:     3   Next: 98%
Magic:  5/5        EV:  6    Int: 11    God:    Lugonu [***...]
Gold:   164        SH:  0    Dex: 13    Spells: 2/2 levels left

rFire   . . .      SeeInvis .   a - +1 mace
rCold   . . .      Faith    +   (no shield)
rNeg    . . .      Spirit   .   q - +0 chain mail
rPois   .          Reflect  .   g - +0 helmet
rElec   .          Harm     .   (no cloak)
rCorr   .          Rampage  .   (no gloves)
Will    .....                   (no boots)
Stlth   ..........              h - amulet of faith
HPRegen 0.09/turn               (no ring)
MPRegen 0.09/turn               (no ring)

@: no status effects
A: foul stench 1
a: Renounce Religion, Depart the Abyss, Bend Space, Banish


You were on level 3 of the Dungeon.
You worshipped Lugonu.
Lugonu was most pleased with you.
You visited 1 branch of the dungeon, and saw 3 of its levels.
You visited the Abyss 1 time.

You collected 164 gold pieces.

Inventory:

Hand Weapons
 a - a +1 mace (weapon)
Missiles
 m - 4 poisoned darts (quivered)
Armour
 g - a +0 helmet (worn)
 q - a +0 chain mail (worn)
Jewellery
 h - an amulet of faith (around neck)
Scrolls
 f - 2 scrolls of magic mapping
 o - a scroll of enchant weapon
Potions
 b - a potion of invisibility {unknown}
 c - 3 potions of curing
 d - 2 potions of heal wounds {unknown}
 e - a potion of might {unknown}
 i - a potion of magic {unknown}
 j - a potion of lignification {unknown}
 k - a potion of ambrosia {unknown}
 l - a potion of cancellation {unknown}
 n - a potion of flight {unknown}
 p - a potion of haste {unknown}


   Skills:
 - Level 3.5 Fighting
 + Level 2.5 Maces & Flails
 * Level 2.3 Armour
 - Level 1.1 Dodging
 - Level 0.3 Stealth
 * Level 3.1 Invocations


You had 2 spell levels left.
You didn't know any spells.
Your spell library contained the following spells:

 Spells                   Type           Power      Damage    Failure   Level
 Freeze                   Ice            0%         1d3       100%        1
 Conjure Flame            Conj/Fire      0%         6-21      100%        3
 Frozen Ramparts          Ice            0%         1d1       100%        3
 Ignite Poison            Fire/Tmut/Pois 0%         N/A       100%        3
 Hailstorm                Conj/Ice       0%         3d3       100%        4
 Sticky Flame             Conj/Fire      0%         2d3       100%        4


Dungeon Overview and Level Annotations

Branches:
Dungeon (3/15)

Altars:

Annotations:
D:1 2 runed translucent doors


Innate Abilities, Weirdness & Mutations

You may rarely emit foul miasma when damaged in melee.


Message History

Magic restored.
You start resting.
HP restored.
Okay, then.
There is an open door here.
An orc priest comes into view. It is wielding a +0 short sword.
The orc priest shouts!
Throw: 6 darts (poison)
Press: ? - help, Q - select action, (/) - cycle Shift-Dir - straight line, f - orc priest
Aim: an orc priest, wielding a +0 short sword (57% to hit)
You throw a poisoned dart.
The poisoned dart closely misses the orc priest.
Throw: 5 darts (poison)
Press: ? - help, Q - select action, (/) - cycle Shift-Dir - straight line, f/p - orc priest
Aim: an orc priest, wielding a +0 short sword (57% to hit)
You throw a poisoned dart. The poisoned dart hits the orc priest.
The orc priest is poisoned.
The orc priest looks more healthy.
The orc priest barely misses you.
You closely miss the orc priest.
The orc priest is almost dead.
The orc priest hits you but does no damage.
The orc priest calls down the wrath of Beogh upon you.
You barely resist.
You hit the orc priest but do no damage.
The orc priest is almost dead.
The orc priest mumbles some strange prayers to Beogh against you.
Beogh smites you!
Ouch! That really hurt!
You are too injured to fight recklessly!
You are too injured to fight recklessly!
You are too injured to fight recklessly!
You are too injured to fight recklessly!
You are too injured to fight recklessly!
You are too injured to fight recklessly!
The orc priest mumbles some strange prayers to Beogh against you.
Beogh smites you!
* * * LOW HITPOINT WARNING * * *
The orc priest mumbles some strange prayers to Beogh against you.
Beogh smites you!
You die...

########## #........############
#...................#
############...................#
.............o..@.....>........#
####.......########............#
...........'.# #............#
##.........#.# #............#
(...########.# #............#
##..########.# #............#
##...........# #............#
....##....#### #............#
.....####..###########'#########


You could see an orc priest.

Vanquished Creatures
  An adder (D:3)
  A worm (D:2)
  An orc (D:2)
  5 ball pythons
  5 endoplasms
  A giant cockroach (D:1)
  3 goblins
  8 hobgoblins
  3 kobolds
  2 quokkas (D:1)
  12 bats
  6 frilled lizards
  4 rats
52 creatures vanquished.

Vanquished Creatures (others)
  A quokka (D:3)
1 creature vanquished.

Grand Total: 53 creatures vanquished

Notes
Turn   | Place    | Note
-------+----------+-------------------------------------------
     0 | Abyss:1  | raincastle the Demonspawn Abyssal Knight began the quest
                  | for the Orb.
     0 | Abyss:1  | Reached XP level 1. HP: 18/18 MP: 2/2
     1 | D:1      | Escaped the Abyss
   360 | D:1      | Found a large runed translucent door.
   360 | D:1      | Found a large runed translucent door.
   374 | D:1      | Gained mutation: You may rarely emit foul miasma when
                  | damaged in melee. [demonic ancestry]
   374 | D:1      | Reached XP level 2. HP: 13/24 MP: 3/3
   686 | D:1      | Reached skill level 1 in Dodging
  1155 | D:1      | Reached XP level 3. HP: 24/29 MP: 5/5
  1864 | D:2      | Reached *** piety under Lugonu
  3091 | D:3      | Found a faded altar of an unknown god.
  4754 | D:3      | Killed from afar by an orc priest

Illustrated notes

Levels and vault maps discovered:
D:1:      erik_arrival_cave_to_civilisation [erik_arrival_cave_to_temple],
          layout_basic
D:2:      layout_basic
D:3:      layout_basic, elyvilon_altar_4,
          chequers_ecumenical_altar_simple_redux, minmay_mini_jars

Skill      XL: |  1  2  3 |
---------------+----------+-----
Maces & Flails | 2 |  2.5
Dodging        | 1 |  1.1
Armour         | 2 |  2.3
Invocations    | 3 |  3.1
Fighting       | |  3.5
Stealth        | |  0.3

Action                   || total
-------------------------++-------
Melee: Mace              ||   155
       Punch             ||     1
Throw: Dart              ||     2
Invok: Bend Space        ||    60
  Use: Scroll            ||     3
 Stab: Sleeping          ||     1
Armor: Leather armour    ||    62
       Scale mail        ||    19
       Chain mail        ||    12
Dodge: Dodged            ||   129
